EVO
UNIVERSITY OF ARIZONA WILDCATS @ UCLA BRUINS
08/17/2044
 
TOP OF THE 1ST
University of Arizona Wildcats batting - Pitching for UCLA Bruins : RHP Tony Llamas
Pitching: RHP Tony Llamas
Batting: LHB Bruce Arvizu 0-0: Swinging Strike
0-1: Called Strike
0-2: SINGLE (Groundball, 56D, EV 106.9 MPH)
Batting: RHB Abdel Ambar 0-0: Swinging Strike
0-1: Ball
1-1: DOUBLE (Flyball, 78D, EV 96.3 MPH)
Bruce Arvizu to third
Batting: LHB Cody Humphries 0-0: Ball
1-0: Ball
2-0: SINGLE (Groundball, P, EV 91.9 MPH) (infield hit)
Bruce Arvizu scores
Abdel Ambar to third
Batting: RHB Andy Bachman 0-0: SINGLE (Groundball, 6MD, EV 108.8 MPH)
Abdel Ambar scores
Cody Humphries to second
Runner from 2nd tries for 3rd, SAFE, throw by CF made to third
Batting: LHB Daigo Ishii 0-0: Foul Ball, location: 2F
0-1: Foul Ball, location: 2F
0-2: Ball
1-2: Strikes out swinging
Batting: RHB Allen Deschamps 0-0: Ball
1-0: Ball
2-0: Foul Ball, location: 2F
2-1: Ball
3-1: Base on Balls
Andy Bachman to second
Batting: RHB Carlos Teniente 0-0: Called Strike
0-1: Fielders Choice at 2nd, 6-4 (Groundball, 6MD, EV 106.9 MPH)
Cody Humphries scores
Andy Bachman to third
Batting: RHB Costantino Dolfini 0-0: SINGLE (Groundball, 56D, EV 110.6 MPH)
Andy Bachman scores
Carlos Teniente to second
Batting: SHB Greg Rivera 0-0: DOUBLE (Groundball, 3L, EV 104.4 MPH)
Carlos Teniente scores
Costantino Dolfini to third
Runner from 3rd tries for Home, SAFE, throw by RF to home
Pitching: RHP Daniel Boulter
Batting: LHB Bruce Arvizu 0-0: Fly out, F9 (Flyball, 9, EV 93.1 MPH)
Top of the 1st over - 6 runs, 6 hits, 0 errors, 1 left on base; University of Arizona 6 - UCLA 0
BOTTOM OF THE 1ST
UCLA Bruins batting - Pitching for University of Arizona Wildcats : RHP Andy Garvin
Pitching: RHP Andy Garvin
Batting: SHB Jay Gagnon 0-0: Called Strike
0-1: Ball
1-1: Ball
2-1: Foul Ball, location: 2F
2-2: Fly out, F3 (Line Drive, 3, EV 65.6 MPH)
Batting: RHB Robby Hickman 0-0: Ball
1-0: Ball
2-0: Ball
3-0: Called Strike
3-1: Foul Ball, location: 2F
3-2: Foul Ball, location: 2F
3-2: Foul Ball, location: 2F
3-2: Fly out, F6 (Line Drive, 6, EV 66.9 MPH)
Batting: LHB Chris Jackson 0-0: Ball
1-0: Ball
2-0: Ball
3-0: Base on Balls
Batting: RHB Leo Gonzalez 0-0: Ball
1-0: Ball
2-0: Foul Ball, location: 2F
2-1: Ball
3-1: Foul Ball, location: 2F
3-2: Strikes out swinging
Bottom of the 1st over - 0 runs, 0 hits, 0 errors, 1 left on base; University of Arizona 6 - UCLA 0
TOP OF THE 2ND
University of Arizona Wildcats batting - Pitching for UCLA Bruins : RHP Daniel Boulter
Batting: RHB Abdel Ambar 0-0: Foul Ball, location: 2F
0-1: Foul Ball, location: 2F
0-2: Foul Ball, location: 2F
0-2: Ball
1-2: Foul Ball, location: 2F
1-2: Foul Ball, location: 2F
1-2: Strikes out looking
Batting: LHB Cody Humphries 0-0: Ball
1-0: Foul Ball, location: 2F
1-1: Called Strike
1-2: Foul Ball, location: 2F
1-2: Ground out 6-3 (Groundball, 6, EV 84.4 MPH)
Batting: RHB Andy Bachman 0-0: Ball
1-0: Ball
2-0: Foul Ball, location: 2F
2-1: Ball
3-1: Ground out 5-3 (Groundball, 56S, EV 83.8 MPH)
Top of the 2nd over - 0 runs, 0 hits, 0 errors, 0 left on base; University of Arizona 6 - UCLA 0
BOTTOM OF THE 2ND
UCLA Bruins batting - Pitching for University of Arizona Wildcats : RHP Andy Garvin
Batting: RHB German Quiroga 0-0: Ball
1-0: Foul Ball, location: 2F
1-1: Fly out, F8 (Flyball, 89M, EV 91.9 MPH)
Batting: RHB Steve Errico 0-0: Foul Ball, location: 2F
0-1: Ball
1-1: Foul Ball, location: 2F
1-2: Strikes out swinging
Batting: RHB Rusty Trader 0-0: Ball
1-0: Ball
2-0: Foul Ball, location: 2F
2-1: Fly out, F8 (Flyball, 89XD, EV 88.8 MPH)
Bottom of the 2nd over - 0 runs, 0 hits, 0 errors, 0 left on base; University of Arizona 6 - UCLA 0
TOP OF THE 3RD
University of Arizona Wildcats batting - Pitching for UCLA Bruins : RHP Daniel Boulter
Batting: LHB Daigo Ishii 0-0: Ball
1-0: Foul Ball, location: 2F
1-1: Foul Ball, location: 2F
1-2: Ground out 6-3 (Groundball, 6, EV 90.0 MPH)
Batting: RHB Allen Deschamps 0-0: Ball
1-0: Swinging Strike
1-1: Ball
2-1: Ball
3-1: Swinging Strike
3-2: Ground out 1-3 (Groundball, 15S, EV 70.6 MPH)
Batting: RHB Carlos Teniente 0-0: Foul Ball, location: 2F
0-1: Foul Ball, location: 2F
0-2: Fly out, F9 (Flyball, 9, EV 93.1 MPH)
Top of the 3rd over - 0 runs, 0 hits, 0 errors, 0 left on base; University of Arizona 6 - UCLA 0
BOTTOM OF THE 3RD
UCLA Bruins batting - Pitching for University of Arizona Wildcats : RHP Andy Garvin
Batting: RHB Eddie Serna 0-0: Ball
1-0: Foul Ball, location: 2F
1-1: Ball
2-1: Foul Ball, location: 2F
2-2: Ground out 5-3 (Groundball, 56S, EV 85.6 MPH)
Batting: RHB Wan-ling Zhu 0-0: Ball
1-0: Called Strike
1-1: Fly out, F9 (Flyball, 89S, EV 85.6 MPH)
Batting: SHB Jay Gagnon 0-0: Ball
1-0: Ball
2-0: Swinging Strike
2-1: Foul Ball, location: 2F
2-2: Ball
3-2: SINGLE (Groundball, 6D, EV 108.8 MPH)
Batting: RHB Robby Hickman 0-0: Ball
1-0: Called Strike
1-1: Called Strike
Jay Gagnon steals 2nd base
1-2: Ball
2-2: Ball
3-2: Foul Ball, location: 2F
3-2: Foul Ball, location: 2F
3-2: Strikes out swinging wild pitch, reaches first!
Jay Gagnon to third
Batting: LHB Chris Jackson 0-0: Ball
1-0: Foul Ball, location: 2F
1-1: Ball
2-1: Ball
3-1: Base on Balls
Robby Hickman to second
Batting: RHB Leo Gonzalez 0-0: Ball
1-0: Foul Ball, location: 2F
1-1: Foul Ball, location: 2F
1-2: Ball
2-2: Foul Ball, location: 2F
2-2: Foul Ball, location: 2F
2-2: Ball
3-2: GRAND SLAM HOME RUN (Flyball, 7D, EV 99.4 MPH), Distance : 392 ft
Batting: RHB German Quiroga 0-0: Foul Ball, location: 2F
0-1: Called Strike
0-2: Ball
1-2: SINGLE (Groundball, 34D, EV 96.9 MPH)
Batting: RHB Steve Errico 0-0: Ball
1-0: Called Strike
1-1: Reached on error, E6 (Groundball, 6, EV 101.9 MPH)
German Quiroga to second
Batting: RHB Rusty Trader 0-0: Called Strike
0-1: Called Strike
0-2: Ball
1-2: Ball
2-2: Foul Ball, location: 2F
2-2: Ball
3-2: Foul Ball, location: 2F
3-2: Base on Balls
German Quiroga to third
Steve Errico to second
Pitching: RHP Carlos Pichardo
Batting: RHB Eddie Serna 0-0: Called Strike
0-1: Ball
1-1: Swinging Strike
1-2: Ball
2-2: Strikes out looking
Bottom of the 3rd over - 4 runs, 3 hits, 1 error, 3 left on base; University of Arizona 6 - UCLA 4
TOP OF THE 4TH
University of Arizona Wildcats batting - Pitching for UCLA Bruins : RHP Daniel Boulter
Batting: RHB Costantino Dolfini 0-0: Ball
1-0: Called Strike
1-1: Ball
2-1: Foul Ball, location: 2F
2-2: Fly out, F7 (Flyball, 7LD, EV 102.5 MPH)
Batting: SHB Greg Rivera 0-0: Ball
1-0: Swinging Strike
1-1: Called Strike
1-2: Ball
2-2: Strikes out swinging
Pitching: RHP Xavier Mosley
Batting: LHB Bruce Arvizu 0-0: Called Strike
0-1: Ball
1-1: Ball
2-1: Ball
3-1: Called Strike
3-2: Base on Balls
Batting: RHB Abdel Ambar 0-0: Ball
Pickoff Throw to First - Error! E1
Bruce Arvizu to second
1-0: Ball
2-0: Foul Ball, location: 2F
2-1: DOUBLE (Line Drive, 78M, EV 98.1 MPH)
Bruce Arvizu scores
Batting: LHB Cody Humphries 0-0: Called Strike
0-1: Fly out, F8 (Line Drive, 8RD, EV 111.3 MPH)
Top of the 4th over - 1 run, 1 hit, 1 error, 1 left on base; University of Arizona 7 - UCLA 4
BOTTOM OF THE 4TH
UCLA Bruins batting - Pitching for University of Arizona Wildcats : RHP Carlos Pichardo
Batting: RHB Wan-ling Zhu 0-0: Ball
1-0: Foul Ball, location: 2F
1-1: SOLO HOME RUN (Line Drive, 8RXD, EV 116.3 MPH), Distance : 448 ft
Batting: SHB Jay Gagnon 0-0: Ball
1-0: Called Strike
1-1: Swinging Strike
1-2: Ball
2-2: Ball
3-2: Foul Ball, location: 2F
3-2: Base on Balls
Batting: RHB Robby Hickman 0-0: Foul Ball, location: 2F
0-1: Swinging Strike
0-2: Ball
1-2: Foul Ball, location: 2F
1-2: Ball
2-2: Ball
3-2: Foul Ball, location: 2F
3-2: Grounds into double play, 5-4-3 (Groundball, 5L, EV 103.1 MPH)
Batting: LHB Chris Jackson 0-0: Called Strike
0-1: Called Strike
0-2: Ball
1-2: Ball
2-2: Foul Ball, location: 2F
2-2: Ball
3-2: Fly out, F8 (Flyball, 8LS, EV 91.3 MPH)
Bottom of the 4th over - 1 run, 1 hit, 0 errors, 0 left on base; University of Arizona 7 - UCLA 5
TOP OF THE 5TH
University of Arizona Wildcats batting - Pitching for UCLA Bruins : RHP Xavier Mosley
Batting: RHB Andy Bachman 0-0: Ball
1-0: Ball
2-0: Foul Ball, location: 2F
2-1: Called Strike
2-2: Foul Ball, location: 2F
2-2: Ball
3-2: DOUBLE (Flyball, 8RXD, EV 105.6 MPH)
Batting: LHB Daigo Ishii 0-0: Fly out, F6 (Line Drive, 6, EV 76.3 MPH)
Batting: RHB Allen Deschamps 0-0: Ball
1-0: Ball
2-0: Ball
3-0: Base on Balls
Batting: RHB Carlos Teniente 0-0: Ball
1-0: Foul Ball, location: 2F
1-1: Called Strike
1-2: Foul Ball, location: 2F
1-2: Strikes out swinging
Batting: RHB Costantino Dolfini 0-0: Called Strike
0-1: Ball
1-1: Swinging Strike
1-2: Strikes out swinging
Top of the 5th over - 0 runs, 1 hit, 0 errors, 2 left on base; University of Arizona 7 - UCLA 5
BOTTOM OF THE 5TH
UCLA Bruins batting - Pitching for University of Arizona Wildcats : RHP Carlos Pichardo
Batting: RHB Leo Gonzalez 0-0: Fly out, F8 (Flyball, 78D, EV 105.0 MPH)
Batting: RHB German Quiroga 0-0: Called Strike
0-1: DOUBLE (Flyball, 8LXD, EV 92.5 MPH)
Batting: RHB Steve Errico 0-0: Ball
1-0: SINGLE (Groundball, 56D, EV 101.3 MPH)
German Quiroga to third
Runner from 3rd tries for Home, SAFE, throw by LF to home
Pitching: RHP Chance Griffin
Batting: RHB Rusty Trader 0-0: Ball
1-0: Called Strike
1-1: Swinging Strike
1-2: Foul Ball, location: 2F
1-2: Strikes out swinging
Batting: RHB Eddie Serna 0-0: Ball
1-0: Foul Ball, location: 2F
1-1: Fly out, F7 (Flyball, 7, EV 80.6 MPH)
Bottom of the 5th over - 1 run, 2 hits, 0 errors, 1 left on base; University of Arizona 7 - UCLA 6
TOP OF THE 6TH
University of Arizona Wildcats batting - Pitching for UCLA Bruins : RHP Xavier Mosley
Batting: SHB Greg Rivera 0-0: Called Strike
0-1: Ground out 5-3 (Groundball, 56S, EV 83.1 MPH)
Batting: LHB Bruce Arvizu 0-0: DOUBLE (Line Drive, 3D, EV 107.5 MPH)
Batting: RHB Abdel Ambar 0-0: Called Strike
0-1: Ball
1-1: Foul Ball, location: 2F
1-2: Strikes out looking
Batting: LHB Cody Humphries 0-0: Ball
1-0: Swinging Strike
1-1: Ball
2-1: Ground out U3 (Groundball, 3, EV 101.9 MPH)
Top of the 6th over - 0 runs, 1 hit, 0 errors, 1 left on base; University of Arizona 7 - UCLA 6
BOTTOM OF THE 6TH
UCLA Bruins batting - Pitching for University of Arizona Wildcats : RHP Chance Griffin
Pinch Hitting: RHB Ed Pittman 0-0: Ground out 5-3 (Groundball, 56S, EV 65.6 MPH)
Batting: SHB Jay Gagnon 0-0: Ball
1-0: Foul Ball, location: 2F
1-1: Fly out, F7 (Flyball, 7S, EV 88.8 MPH)
Batting: RHB Robby Hickman 0-0: Ball
1-0: Ball
2-0: Called Strike
2-1: Ball
3-1: Ground out 6-3 (Groundball, 6, EV 100.0 MPH)
Bottom of the 6th over - 0 runs, 0 hits, 0 errors, 0 left on base; University of Arizona 7 - UCLA 6
TOP OF THE 7TH
University of Arizona Wildcats batting - Pitching for UCLA Bruins : RHP Xavier Mosley
Pitching: RHP Felipe Leon
Now at SS: Lorenzo Diaz
Batting: RHB Andy Bachman 0-0: Ball
1-0: Ball
2-0: Ball
3-0: Called Strike
3-1: Foul Ball, location: 2F
3-2: Fly out, F3 (Line Drive, 3, EV 70.6 MPH)
Batting: LHB Daigo Ishii 0-0: Ball
1-0: Foul Ball, location: 2F
1-1: Foul Ball, location: 2F
1-2: Foul Ball, location: 2F
1-2: SOLO HOME RUN (Line Drive, 9LD, EV 91.3 MPH), Distance : 336 ft
Batting: RHB Allen Deschamps 0-0: DOUBLE (Groundball, 5L, EV 95.0 MPH)
Batting: RHB Carlos Teniente 0-0: Intentional Walk
Batting: RHB Costantino Dolfini 0-0: Ball
1-0: Fielders Choice at 2nd, 5-4 (Groundball, 56, EV 99.4 MPH)
Allen Deschamps to third
Batting: SHB Greg Rivera 0-0: Swinging Strike
0-1: Ball
1-1: Called Strike
1-2: Strikes out swinging
Top of the 7th over - 1 run, 2 hits, 0 errors, 2 left on base; University of Arizona 8 - UCLA 6
BOTTOM OF THE 7TH
UCLA Bruins batting - Pitching for University of Arizona Wildcats : RHP Chance Griffin
Pitching: RHP Steven Frost
Batting: LHB Chris Jackson 0-0: Called Strike
0-1: SINGLE (Line Drive, 7S, EV 86.9 MPH)
Batting: RHB Leo Gonzalez 0-0: Swinging Strike
0-1: Ball
1-1: Swinging Strike
1-2: Foul Ball, location: 2F
1-2: Grounds into double play, 4-6-3 (Groundball, 4, EV 90.6 MPH)
Batting: RHB German Quiroga 0-0: Called Strike
0-1: Ball
1-1: SOLO HOME RUN (Flyball, 8LXD, EV 113.1 MPH), Distance : 438 ft
Batting: RHB Steve Errico 0-0: Called Strike
0-1: Ball
1-1: Called Strike
1-2: Foul Ball, location: 2F
1-2: Ball
2-2: Strikes out swinging
Bottom of the 7th over - 1 run, 2 hits, 0 errors, 0 left on base; University of Arizona 8 - UCLA 7
TOP OF THE 8TH
University of Arizona Wildcats batting - Pitching for UCLA Bruins : RHP Felipe Leon
Batting: LHB Bruce Arvizu 0-0: Ball
1-0: Ball
2-0: Ball
3-0: Called Strike
3-1: Foul Ball, location: 2F
3-2: Strikes out swinging
Batting: RHB Abdel Ambar 0-0: Swinging Strike
0-1: Called Strike
0-2: Ball
1-2: Ball
2-2: Ball
3-2: Base on Balls
Batting: LHB Cody Humphries 0-0: Ball
1-0: Ball
2-0: Ball
3-0: Called Strike
3-1: Base on Balls
Abdel Ambar to second
Batting: RHB Andy Bachman 0-0: Called Strike
0-1: Ball
1-1: Foul Ball, location: 2F
1-2: Foul Ball, location: 2F
1-2: Foul Ball, location: 2F
1-2: Ball
2-2: Foul Ball, location: 2F
2-2: Fly out, F8 (Flyball, 8LXD, EV 101.3 MPH)
Runner from 2nd tags up, SAFE at 3rd, no throw by CF
Batting: LHB Daigo Ishii 0-0: Ball
1-0: Ball
2-0: Called Strike
2-1: Called Strike
2-2: Foul Ball, location: 2F
2-2: Ball
3-2: Fly out, F8 (Flyball, 8RD, EV 75.6 MPH)
Top of the 8th over - 0 runs, 0 hits, 0 errors, 2 left on base; University of Arizona 8 - UCLA 7
BOTTOM OF THE 8TH
UCLA Bruins batting - Pitching for University of Arizona Wildcats : RHP Steven Frost
Batting: RHB Rusty Trader 0-0: Ball
1-0: Ball
2-0: Ball
3-0: Base on Balls
Batting: RHB Eddie Serna 0-0: Called Strike
0-1: Ball
1-1: Called Strike
1-2: DOUBLE (Line Drive, 5D, EV 97.5 MPH)
Rusty Trader to third
Batting: RHB Lorenzo Diaz 0-0: SINGLE (Groundball, 34D, EV 102.5 MPH)
Rusty Trader scores
Eddie Serna to third
Batting: SHB Jay Gagnon 0-0: Ball
1-0: Called Strike
1-1: Called Strike
1-2: Ball
2-2: Ball
3-2: Foul Ball, location: 2F
3-2: Foul Ball, location: 2F
3-2: Foul Ball, location: 2F
3-2: Base on Balls
Lorenzo Diaz to second
Batting: RHB Robby Hickman 0-0: Called Strike
0-1: Foul Ball, location: 2F
0-2: Strikes out swinging
Pitching: RHP Dean Aspden
Batting: LHB Chris Jackson 0-0: Called Strike
0-1: Called Strike
0-2: Ball
1-2: Ball
2-2: Strikes out swinging
Batting: RHB Leo Gonzalez 0-0: Ball
1-0: Ball
2-0: Called Strike
2-1: Fielders Choice at 2nd, 6-4 (Groundball, 6, EV 88.8 MPH)
Bottom of the 8th over - 1 run, 2 hits, 0 errors, 3 left on base; University of Arizona 8 - UCLA 8
TOP OF THE 9TH
University of Arizona Wildcats batting - Pitching for UCLA Bruins : RHP Felipe Leon
Batting: RHB Allen Deschamps 0-0: Called Strike
0-1: Foul Ball, location: 2F
0-2: Ball
1-2: Ball
2-2: Ball
3-2: Ground out 6-3 (Groundball, 6, EV 86.9 MPH)
Batting: RHB Carlos Teniente 0-0: Called Strike
0-1: Ball
1-1: Ball
2-1: Ball
3-1: Base on Balls
Pitching: RHP Chris Marrone
Batting: RHB Costantino Dolfini 0-0: Ball
1-0: Ball
2-0: Called Strike
2-1: Called Strike
2-2: Foul Ball, location: 2F
2-2: Reached on error, E6 (Groundball, P, EV 93.1 MPH)
Carlos Teniente to second
Pinch Hitting: LHB Rich Kuehne 0-0: Called Strike
0-1: Ball
1-1: Ball
2-1: Fielders Choice at 2nd, 4-6 (Groundball, 4, EV 106.3 MPH)
Carlos Teniente to third
Batting: LHB Bruce Arvizu 0-0: Called Strike
0-1: Ball
Rich Kuehne steals 2nd base (no throw)
1-1: Intentional Walk
Batting: RHB Abdel Ambar 0-0: Ball
1-0: Ground out 6-3 (Groundball, 6S, EV 85.6 MPH)
Top of the 9th over - 0 runs, 0 hits, 1 error, 3 left on base; University of Arizona 8 - UCLA 8
BOTTOM OF THE 9TH
UCLA Bruins batting - Pitching for University of Arizona Wildcats : RHP Dean Aspden
Now at C: Cesar Pelayo
Batting: RHB German Quiroga 0-0: Ball
1-0: Ball
2-0: Ball
3-0: Called Strike
3-1: Called Strike
3-2: Ground out U3 (Groundball, 3, EV 108.8 MPH)
Pinch Hitting: LHB Tony Leyba 0-0: Swinging Strike
0-1: Ball
1-1: Foul Ball, location: 2F
1-2: Strikes out swinging
Batting: RHB Rusty Trader 0-0: Fly out, F9 (Line Drive, 9, EV 95.6 MPH)
Bottom of the 9th over - 0 runs, 0 hits, 0 errors, 0 left on base; University of Arizona 8 - UCLA 8
TOP OF THE 10TH
University of Arizona Wildcats batting - Pitching for UCLA Bruins : RHP Chris Marrone
Now at C: Ernst Meloche
Batting: LHB Cody Humphries 0-0: Called Strike
0-1: Ball
1-1: Ground out 1-3 (Groundball, 25, EV 70.6 MPH)
Batting: RHB Andy Bachman 0-0: Ball
1-0: Foul Ball, location: 2F
1-1: Ball
2-1: Ball
3-1: Swinging Strike
3-2: Foul Ball, location: 2F
3-2: Fly out, F9 (Flyball, 89M, EV 83.8 MPH)
Batting: LHB Daigo Ishii 0-0: Fly out, F7 (Flyball, 7LD, EV 102.5 MPH)
Top of the 10th over - 0 runs, 0 hits, 0 errors, 0 left on base; University of Arizona 8 - UCLA 8
BOTTOM OF THE 10TH
UCLA Bruins batting - Pitching for University of Arizona Wildcats : RHP Dean Aspden
Pitching: RHP Chris Santos
Batting: RHB Eddie Serna 0-0: Swinging Strike
0-1: Foul Ball, location: 2F
0-2: Ball
1-2: Ball
2-2: Ball
3-2: Strikes out swinging
Batting: RHB Lorenzo Diaz 0-0: Ball
1-0: Foul Ball, location: 2F
1-1: Ball
2-1: Ground out 4-3 (Groundball, 34, EV 100.0 MPH)
Batting: SHB Jay Gagnon 0-0: Called Strike
0-1: Ball
1-1: Ball
2-1: Ball
3-1: Foul Ball, location: 2F
3-2: Foul Ball, location: 2F
3-2: Foul Ball, location: 2F
3-2: Base on Balls
Batting: RHB Robby Hickman 0-0: Ball
1-0: Foul Ball, location: 2F
1-1: Ball
2-1: Foul Ball, location: 2F
2-2: Strikes out swinging
Bottom of the 10th over - 0 runs, 0 hits, 0 errors, 1 left on base; University of Arizona 8 - UCLA 8
TOP OF THE 11TH
University of Arizona Wildcats batting - Pitching for UCLA Bruins : RHP Chris Marrone
Batting: RHB Allen Deschamps 0-0: Fly out, F9 (Flyball, 89M, EV 88.8 MPH)
Batting: RHB Carlos Teniente 0-0: Ball
1-0: Called Strike
1-1: Ground out 1-3 (Groundball, 34S, EV 71.3 MPH)
Batting: RHB Costantino Dolfini 0-0: Foul Ball, location: 2F
0-1: Fly out, F8 (Flyball, 8LD, EV 88.8 MPH)
Top of the 11th over - 0 runs, 0 hits, 0 errors, 0 left on base; University of Arizona 8 - UCLA 8
BOTTOM OF THE 11TH
UCLA Bruins batting - Pitching for University of Arizona Wildcats : RHP Chris Santos
Batting: LHB Chris Jackson 0-0: Ball
1-0: Foul Ball, location: 2F
1-1: Ground out 4-3 (Groundball, 34, EV 110.0 MPH)
Batting: RHB Leo Gonzalez 0-0: DOUBLE (Groundball, 5L, EV 93.8 MPH)
Batting: RHB German Quiroga 0-0: Intentional Walk
Batting: RHB Ernst Meloche 0-0: Ball
1-0: Ball
2-0: Called Strike
2-1: Called Strike
2-2: Fly out, F8 (Flyball, 8RM, EV 80.0 MPH)
Batting: RHB Rusty Trader 0-0: Ball
1-0: Called Strike
1-1: Ground out 1-3 (Groundball, 15, EV 71.9 MPH)
Bottom of the 11th over - 0 runs, 1 hit, 0 errors, 2 left on base; University of Arizona 8 - UCLA 8
TOP OF THE 12TH
University of Arizona Wildcats batting - Pitching for UCLA Bruins : RHP Chris Marrone
Batting: SHB Cesar Pelayo 0-0: Ground out 5-3 (Groundball, 5, EV 94.4 MPH)
Batting: LHB Bruce Arvizu 0-0: Ball
1-0: Called Strike
1-1: Ball
2-1: Swinging Strike
2-2: Strikes out swinging
Batting: RHB Abdel Ambar 0-0: Reached on error, E6 (Groundball, 6, EV 90.6 MPH)
Batting: LHB Cody Humphries 0-0: Ball
Abdel Ambar steals 2nd base
1-0: Foul Ball, location: 2F
1-1: Called Strike
1-2: Foul Ball, location: 2F
1-2: Strikes out swinging
Top of the 12th over - 0 runs, 0 hits, 1 error, 1 left on base; University of Arizona 8 - UCLA 8
BOTTOM OF THE 12TH
UCLA Bruins batting - Pitching for University of Arizona Wildcats : RHP Chris Santos
Pitching: RHP Yann Donizetti
Batting: RHB Eddie Serna 0-0: Called Strike
0-1: Fly out, F9 (Flyball, 89S, EV 90.0 MPH)
Batting: RHB Lorenzo Diaz 0-0: SINGLE (Groundball, 5S, EV 68.1 MPH) (infield hit)
Batting: SHB Jay Gagnon 0-0: Ball
1-0: Called Strike
1-1: Foul Ball, location: 2F
1-2: Strikes out swinging
Batting: RHB Robby Hickman 0-0: Foul Ball, location: 2F
0-1: Ball
Lorenzo Diaz steals 2nd base
1-1: SINGLE (Groundball, 6MD, EV 89.4 MPH) (infield hit)
Lorenzo Diaz to third
Batting: LHB Chris Jackson 0-0: Called Strike
Passed Ball!
Lorenzo Diaz scores
Bottom of the 12th over - 1 run, 2 hits, 0 errors, 0 left on base; University of Arizona 8 - UCLA 9
Game Over ... UCLA defeats University of Arizona, 9 to 8
Thursday, March 31st , 2022 - OOTP Baseball 22.12 Build 89